AoeStats
← Jazzmushroom

Nomad

508276630Analyzed
4v4 RM · 10d ago on Sep 21, 2026· 31m 17s· 8 players
Game mode
Random Map
Map size
231×231
Population
200
Speed
Normal
Resources
Standard
Victory
Conquest
Starting age
Dark Age
Ending age
Imperial Age
RankedLock teamsTeams togetherTeam positionsShared explorationLock speedFull tech treeHidden civsTurbo modeCheats
Victory
Defeat
🇨🇳 Persians · China
1458
+11
🇨🇳 Vietnamese · China
1457
+11
🇨🇳 Maya · China
1436
+12
🇨🇳 Dravidians · China
1108
+25
🇹🇷 Malay · Türkiye
1357
-16
🇺🇸 Japanese · United States
1346
-15
🇺🇸 Portuguese · United States
1312
-14
🇨🇿 Malians · Czechia
1309
-14
maniak
5:57 Loom
13:11 Feudal Age
17:48 Fishing Lines
21:00 Castle Age
19:34 Fletching
19:45 Double-Bit Axe
22:01 Bodkin Arrow
22:53 Bow Saw
27:03 Medium Warships
28:16 Wheelbarrow
29:12 Bloodlines
29:03 Husbandry
29:23 Stone Mining
30:25 Ballistics
Jazzmushroom
5:11 Loom
14:03 Feudal Age
14:37 Fishing Lines
14:58 Double-Bit Axe
20:39 Castle Age
20:47 Fletching
21:52 Medium Warships
21:47 Bodkin Arrow
23:03 Town Watch
24:41 Bow Saw
25:18 Circumnavigation
Thor Odinson
4:43 Loom
6:07 Loom
15:22 Feudal Age
16:14 Horse Collar
24:13 Castle Age
22:20 Stone Mining
22:53 Fletching
22:52 Double-Bit Axe
23:02 Gold Mining
23:01 Fishing Lines
28:33 Wheelbarrow
28:02 Horse Collar
28:33 Scale Mail Armor
Dwight
13:35 Loom
15:49 Feudal Age
15:32 Double-Bit Axe
21:56 Castle Age
21:59 Medium Warships
26:38 Fletching
给你一棒槌
10:28 Loom
13:12 Feudal Age
14:40 Fishing Lines
17:18 Castle Age
15:17 Double-Bit Axe
16:06 Forging
16:50 Horse Collar
18:17 Medium Warships
24:12 Bloodlines
24:09 Scale Barding Armor
25:49 Wheelbarrow
25:46 Chain Barding Armor
30:39 Bow Saw
30:52 Hand Cart
肥肠拌面
3:45 Loom
19:28 Feudal Age
20:30 Fishing Lines
24:37 Castle Age
23:18 Stone Mining
23:27 Double-Bit Axe
24:23 Bloodlines
24:22 Scale Barding Armor
25:50 Husbandry
27:35 Gillnets
30:45 Forging
苏苏
13:00 Feudal Age
14:28 Fishing Lines
15:56 Town Watch
28:39 Castle Age
27:31 Double-Bit Axe
28:38 Forging
30:11 Iron Casting
29:53 Town Patrol
30:30 Wheelbarrow
30:18 Medium Warships
31:40 Gillnets
真的很弱
12:24 Feudal Age
11:24 Loom
15:53 Castle Age
14:32 Town Watch
15:02 Fletching
15:21 Double-Bit Axe
16:31 Bodkin Arrow
16:50 Bow Saw
18:47 Horse Collar
19:29 Padded Archer Armor
28:49 Leather Archer Armor
29:13 Wheelbarrow
33:41 Imperial Age
31:48 Ballistics
Connection lost

Rejoining the realm…

Still unreachable

The connection could not be restored.

Session expired

The server has moved on; the page needs a fresh start.